 Dungeon Crawl Stone Soup version 0.27.1 (webtiles) character file.

Game seed: 12600236314493507143

51 H0rd4k the Caller (level 3, -1/24 HPs)
             Began as a Barachi Summoner on Sept 2, 2021.
             Was an Initiate of Qazlal.
             Succumbed to a scorpion's poison
             ... on level 4 of the Dungeon.
             The game lasted 00:05:34 (4126 turns).

H0rd4k the Caller (Barachi Summoner)                Turns: 4126, Time: 00:05:35

Health: -1/24      AC:  3    Str:  9    XL:     3   Next: 83%
Magic:  3/7        EV: 12    Int: 16    God:    Qazlal [......]
Gold:   157        SH:  0    Dex: 12    Spells: 4/8 levels left

rFire    . . .     SeeInvis .   (no weapon)
rCold    . . .     Faith    +   (no shield)
rNeg     . . .     Spirit   .   a - +0 robe
rPois    .         Reflect  .   (no helmet)
rElec    .         Harm     .   i - +0 cloak
rCorr    .         Rampage  .   (no gloves)
Will     .....                  (no boots)
Stlth    ++........             j - amulet of faith
HPRegen  0.08/turn              (no ring)
MPRegen  0.10/turn              (no ring)

@: lethally poisoned (-1 -> -15), hasted, quick
A: amphibious, slowness 1, strong legs 1, +LOS
a: Hop, Renounce Religion


You were on level 4 of the Dungeon.
You worshipped Qazlal.
Qazlal was noncommittal.
You visited 2 branches of the dungeon, and saw 5 of its levels.

You collected 157 gold pieces.

Inventory:

Missiles
 n - a throwing net
 s - 5 poisoned darts
Armour
 a - a +0 robe (worn)
 i - a +0 cloak (worn)
Jewellery
 d - a +4 ring of evasion
 j - an amulet of faith (around neck)
Scrolls
 b - a scroll of holy word {unknown}
 c - a scroll of blinking {unknown}
 e - 2 scrolls of noise {unknown}
 g - a scroll of enchant weapon {unknown}
 h - a scroll of teleportation {unknown}
 k - a scroll of vulnerability {unknown}
 l - a scroll of identify {unknown}
 q - a scroll of enchant armour {unknown}
 r - a scroll of silence {unknown}
Potions
 f - a potion of flight {unknown}
 m - a potion of haste
 o - a potion of attraction {unknown}
 p - a potion of mutation {unknown}


   Skills:
 + Level 2.3 Dodging
 - Level 1.7 Stealth
 * Level 3.0 Spellcasting
 * Level 5.8 Summonings


You had 4 spell levels left.
You knew the following spells:

 Your Spells              Type           Power      Damage    Failure   Level
a - Summon Small Mammal   Summ           84%        N/A       1%          1
b - Call Canine Familiar  Summ           21%        N/A       4%          3

Your spell library contained the following spells:

 Spells                   Type           Power      Damage    Failure   Level
 Call Imp                 Summ           21%        N/A       2%          2
 Summon Guardian Golem    Hex/Summ       11%        N/A       17%         3
 Summon Lightning Spire   Summ/Air       11%        N/A       50%         4


Dungeon Overview and Level Annotations

Branches:
Dungeon (4/15)             Temple (1/1) D:4

Altars:
Cheibriados
Dithmenos
Fedhas
Gozag
Hepliaklqana
Kikubaaqudgha
Nemelex Xobeh
Okawaru
Qazlal
Trog
Vehumet
Wu Jian
Zin

Shops:
D:1 *   D:2 =

Annotations:
D:3 exclusion: downstairs


Innate Abilities, Weirdness & Mutations

You are amphibious.
You cover ground slowly.
You can hop short distances.
You have an extended range of vision and can be seen from far away.


Message History

Welcome back, H0rd4k the Barachi Summoner.
Qazlal says: Let the forces of nature tear it all down!
Press ? for a list of commands and other information.
Done exploring.
(D) Dungeon (T) Temple
Where to? (? - help)
You see here 14 stones.
Things that are here:
a +0 scale mail; a +0 short sword
There is a stone staircase leading down here.
You climb downwards.
There is a stone staircase leading up here.
A scorpion is nearby!
The scorpion barely misses you.
Cast which spell? (? or * to list)
The spell is quite dangerous to cast (4% risk of failure)!
Continue anyway? [Y]es or [N]o only, please.
The spell is quite dangerous to cast (4% risk of failure)!
Continue anyway?
The scorpion stings you.
You are poisoned.
The scorpion poisons you!
You feel very sick. The scorpion stings you.
You are lethally poisoned!
The scorpion poisons you!
* * * LOW HITPOINT WARNING * * *
You feel very sick. The scorpion stings your hound!
Your hound is poisoned.
The scorpion poisons your hound!
Your hound barely misses the scorpion.
The scorpion closely misses your hound.
Things that are here:
a +2 scale mail of cold resistance; a +0 flail; an orc skeleton You swap places.
* * * LOW HITPOINT WARNING * * *
You feel very sick.
Your hound bites the scorpion.
The scorpion stings your hound.
Your hound barely misses the scorpion.
It was a potion of haste.
You feel yourself speed up.
You die...

##..# ###...# #<.#..#
#.###.##
##.#####.#####
#.####.##....########
##s##...............#
##hr....####.#####.#
##.[@<...###.#
#.........##.#
####.......###.#
..##....⌠...##.#
#.##...........#
#.##..⌠.>.⌠.####
#.##.............
#.##....⌠....####
#.##.(#..##.##


You could see a scorpion (ally target), a friendly hound (summoned, very
poisoned) and a friendly quokka (summoned).

Vanquished Creatures (collateral kills)
  A hound zombie (D:3)
  An adder (D:4)
  2 dart slugs (D:1)
  3 orcs
  A bat (D:1)
  5 endoplasms
  A giant cockroach (D:1)
  6 goblins
  8 hobgoblins
  9 jackals (D:1)
  A quokka (D:2)
  2 ball pythons
  2 frilled lizards
  5 kobolds
  5 rats
52 creatures vanquished.

Vanquished Creatures (others)
  2 plants (D:1)
  4 withered plants (D:1)
6 creatures vanquished.

Grand Total: 58 creatures vanquished

Notes
Turn   | Place    | Note
-------+----------+-------------------------------------------
     0 | D:1      | H0rd4k the Barachi Summoner began the quest for the Orb.
     0 | D:1      | Reached XP level 1. HP: 13/13 MP: 3/3
    89 | D:1      | Reached skill level 5 in Summonings
   283 | D:1      | Reached XP level 2. HP: 9/19 MP: 0/5
  1129 | D:1      | Found Fiteys's Assorted Antiques.
  1512 | D:1      | Found a faded altar of an unknown god.
  1670 | D:2      | Found an ancient bone altar of Kikubaaqudgha.
  1855 | D:2      | Reached XP level 3. HP: 24/24 MP: 0/6
  1872 | D:2      | Learned a level 3 spell: Call Canine Familiar
  1938 | D:2      | Found Zafaupp's Jewellery Boutique.
  3245 | D:3      | Found a faded altar of an unknown god.
  3249 | D:3      | Found a hazy altar of Hepliaklqana.
  3249 | D:3      | Found a faded altar of an unknown god.
  3330 | D:3      | Found a stormy altar of Qazlal.
  3467 | D:3      | Became a worshipper of Qazlal Stormbringer
  3494 | D:4      | Found a staircase to the Ecumenical Temple.
  3576 | Temple   | Entered the Ecumenical Temple
  4025 | D:4      | Noticed a scorpion
  4126 | D:4      | Succumbed to a scorpion's poison

Illustrated notes

Levels and vault maps discovered:
D:1:      dpeg_arrival_renting, layout_basic, serial_shops,
          nicolae_lakefront_shop, shapermc_ecumenical_altar_flowoftime,
          minivault_14
D:2:      layout_loops_ring, serial_shops, shop, basic_altar,
          minmay_misc_feat_hallway
D:3:      layout_basic, nicolae_hepliaklqana_ecumenical_no_more,
          mainiacjoe_overflow_alcove_1
D:4:      layout_loops_ring, gammafunk_temple_overflow_forgotten,
          temple_fountains
Temple:   dpeg_chambers_temple

Skill      XL: |  1  2  3 |
---------------+----------+-----
Summonings     | 5 |  5.8
Spellcasting   | 3 |  3.0
Dodging        | |  2.3
Stealth        | |  1.7

Action                   || total
-------------------------++-------
Melee: Unarmed           ||    53
 Cast: Summon Small Mamm ||   147
       Call Canine Famil ||     4
 Abil: Hop               ||     1
  Use: Potion            ||     1
 Stab: Sleeping          ||     1
Armor: Robe              ||    16
Dodge: Dodged            ||    53
